 Dungeon Crawl Stone Soup version 0.29-a0-632-g781b4ac09e (webtiles) character file.

Game seed: 14113295362186042695

15 BritishOli the Skirmisher (level 2, 16/24 HPs)
             Began as a Demonspawn Fighter on June 18, 2022.
             Got out of the dungeon alive.
             The game lasted 00:00:18 (184 turns).

BritishOli the Skirmisher (Demonspawn Fighter)       Turns: 184, Time: 00:00:18

Health: 16/24      AC:  6    Str: 16    XL:     2   Next: 34%
Magic:  2/2        EV:  8    Int:  9    God:
Gold:   2          SH:  4    Dex: 12    Spells: 1/1 levels left

rFire   . . .      SeeInvis .   a - +0 long sword
rCold   . . .      Faith    .   c - +0 buckler
rNeg    . . .      Spirit   .   b - +0 scale mail
rPois   .          Reflect  .   (no helmet)
rElec   .          Harm     .   (no cloak)
rCorr   .          Rampage  .   (no gloves)
Will    .....                   (no boots)
Stlth   ..........              (no amulet)
HPRegen 0.08/turn               (no ring)
MPRegen 0.08/turn               (no ring)

@: no status effects
A: demonic touch 1
a: no special abilities


You escaped.
You visited 1 branch of the dungeon, and saw 1 of its levels.

You collected 2 gold pieces.

Inventory:

Hand Weapons
 a - a +0 long sword (weapon)
Armour
 b - a +0 scale mail (worn)
 c - a +0 buckler (worn)
Potions
 d - a potion of might
 e - a potion of heal wounds {unknown}
 f - a potion of invisibility {unknown}


   Skills:
 + Level 3.2 Fighting
 + Level 2.0 Long Blades
 + Level 2.9 Armour
 + Level 2.9 Shields


You had one spell level left.
You didn't know any spells.
Your spell library was empty.

Dungeon Overview and Level Annotations

Branches:
Dungeon (1/15)

Altars:


Innate Abilities, Weirdness & Mutations

Your touch may inflict minor irresistible damage on your foes.


Message History

There are monsters nearby!
You slash the rat!
You kill the rat!
A gnoll is nearby!
The gnoll hits you but does no damage.
A gnoll is nearby!
You barely miss the gnoll. The gnoll barely misses you.
A gnoll is nearby!
You hit the gnoll.
The gnoll is lightly wounded.
The gnoll hits you with a +0 club.
A gnoll is nearby!
You hit the gnoll.
The gnoll is heavily wounded.
The gnoll barely misses you. The gnoll hits you with a +0 club.
A gnoll is nearby!
You barely miss the gnoll.
The gnoll is heavily wounded.
The gnoll barely misses you.
A gnoll is nearby!
You barely miss the gnoll.
The gnoll is heavily wounded.
The gnoll hits you with a +0 club.
A gnoll is nearby!
A gnoll is nearby!
You slash the gnoll!
You kill the gnoll!
Your Long Blades skill increases to level 2!
You have reached level 2!
Your demonic ancestry asserts itself...
Your hands begin to faintly glow with unholy energy.
An endoplasm comes into view.
You slash the endoplasm!
You kill the endoplasm!
No target in view!
No target in view!
No target in view!
There is a staircase leading out of the dungeon here.
Are you sure you want to leave the Dungeon?
This will make you lose the game!
You have escaped!

#... ####..##. .#...#.
.. ##.....##.###.....#
#..
##......##..##.....##...
#.......###.............
..........#.....# ......
......†...#....###......
..............#...#.....
#.............#)@.#.....
##.......###.........#
###...#.#..#..#...#..#
##.###.....#..#...# .#
#.## ##....#..##.## #
.## #.#.#....#.# #.##
##.........#.......
##.###.#.###..........##
....#....##.............


There were no monsters in sight!

Vanquished Creatures
  A gnoll (D:1)
  A ball python (D:1)
  2 endoplasms (D:1)
  A frilled lizard (D:1)
  A rat (D:1)
6 creatures vanquished.

Notes
Turn   | Place    | Note
-------+----------+-------------------------------------------
     0 | D:1      | BritishOli the Demonspawn Fighter began the quest for the
                  | Orb.
     0 | D:1      | Reached XP level 1. HP: 18/18 MP: 1/1
    22 | D:1      | Found a faded altar of an unknown god.
   159 | D:1      | Gained mutation: Your touch may inflict minor irresistible
                  | damage on your foes. [demonic ancestry]
   159 | D:1      | Reached XP level 2. HP: 14/24 MP: 2/2
   184 | D:$      | Got out of the dungeon alive.

Illustrated notes

Levels and vault maps discovered:
D:1:      erik_arrival_blinker_ship, layout_loops_ring,
          ebering_ecumenical_altar_rust, serial_shops, shop,
          kennysheep_flooded_box

Skill      XL: |  1 |
---------------+----+-----
Long Blades    | 2 |  2.0
Fighting       | |  3.2
Armour         | |  2.9
Shields        | |  2.9

Action                   || total
-------------------------++-------
Melee: Long sword        ||    15
Armor: Scale mail        ||     4
Dodge: Dodged            ||     7
Block: Buckler           ||     1

Table legend: (Time is in decaauts)
 A = Elapsed time spent in this place.
 B = Non-inter-level travel time spent in this place.
 C = Inter-level travel time spent in this place.
 D = Time resting spent in this place.
 E = Time spent auto-exploring this place.
 F = Levels seen in this place.
 G = Mean time per level.
                   A        B        C        D        E       F      G
               +--------+--------+--------+--------+--------+-----+--------+
         Total |    189 |    169 |     20 |      0 |    131 |   1 |  189.0 |
       Dungeon |    189 |    169 |     20 |      0 |    131 |   1 |  189.0 |
               +--------+--------+--------+--------+--------+-----+--------+

Top non-repeatable levels by time:
     D:1: 189 daAuts
